[Event "Team 45 45 League T92"]
[Site "Internet Chess Club"]
[Date "2022.04.18"]
[Round "1"]
[White "KidRattler"]
[Black "achessman"]
[Result "0-1"]
[WhiteElo "1691"]
[BlackElo "1827"]
[Opening "Caro-Kann: classical, Maróczy attack"]
[ECO "B18"]
[Time "20:19:01"]
[PlyCount "118"]
[TimeControl "2700+45"]

1. e4 c6 2. d4 d5 3. Nc3 dxe4 4. Nxe4 Bf5 5. Ng3 Bg6 6. f4 e6 7. Nf3 Nf6 8. Bd3
c5 9. Bxg6 hxg6 10. O-O Nc6 11. c3 cxd4 12. cxd4 Qd6 13. h3 Rd8 14. Ne2 Be7 15.
b3 O-O 16. Bb2 Nd5 17. Qd2 Qb4 18. Nc3 Bf6 19. Rad1 Nxc3 20. Bxc3 Qb6 21. Qf2
Rd5 22. Rd2 Rfd8 23. Rfd1 Qc7 24. Qe3 b5 25. Ne5 Qb6 26. Kf2 b4 27. Bb2 Nxe5 28.
fxe5 Bxe5 29. Kf3 Bf6 30. g4 Bg5 31. Qe4 Bxd2 32. Rxd2 e5 33. Re2 Qf6+ 34. Kg2
exd4 35. Qd3 Re5 36. Rf2 Qc6+ 37. Kh2 Re3 38. Qf1 Qd6+ 39. Kg2 Qg3+ 40. Kh1
Qxh3+ 41. Qxh3 Rxh3+ 42. Kg2 Rc3 43. a4 d3 44. a5 d2 45. Bxc3 bxc3 46. a6 d1=Q
47. Kg3 Rd3+ 48. Kf4 Rd4+ 49. Kg3 Qxg4+ 50. Kh2 Qh4+ 51. Kg2 Rg4+ 52. Kf1 Qh1+
53. Ke2 Re4+ 54. Kd3 Qb1+ 55. Kxc3 Re3+ 56. Kd4 Qd3+ 57. Kc5 Re5+ 58. Kb4 Rb5+
59. Ka4 Qxb3# {White checkmated} 0-1

[Event "Team 45 45 League T92"]
[Site "Internet Chess Club"]
[Date "2022.04.15"]
[Round "1"]
[White "VictorRed"]
[Black "fhunfi"]
[Result "1/2-1/2"]
[WhiteElo "1666"]
[BlackElo "1741"]
[Opening "French: advance, Nimzovich system"]
[ECO "C02"]
[Time "20:00:34"]
[PlyCount "53"]
[TimeControl "2700+45"]

1. e4 e6 2. d4 d5 3. e5 c5 4. Nf3 Nc6 5. Bb5 Bd7 6. Bxc6 bxc6 7. c3 cxd4 8. cxd4
c5 9. O-O cxd4 10. Qxd4 Ne7 11. Bg5 Qb6 12. Qxb6 axb6 13. Nc3 Nc8 14. Nd4 Be7
15. Bxe7 Kxe7 16. f4 f5 17. exf6+ gxf6 18. Rfe1 Kf7 19. Re3 Nd6 20. b3 Rac8 21.
Rae1 Rhe8 22. Rh3 Kg7 23. Rhe3 Kf7 24. Rh3 Kg7 25. Rhe3 Kf7 26. Rh3 Kg7 27. Rhe3
{Game drawn by repetition} 1/2-1/2

[Event "Team 45 45 League T92"]
[Site "Internet Chess Club"]
[Date "2022.04.17"]
[Round "1"]
[White "evan7284"]
[Black "kabindra"]
[Result "1-0"]
[WhiteElo "1587"]
[BlackElo "1674"]
[Opening "Queen's pawn, Mason variation"]
[ECO "D00"]
[Time "14:30:47"]
[PlyCount "37"]
[TimeControl "2700+45"]

1. d4 d5 2. Bf4 Bf5 3. e3 e6 4. g4 Bg6 5. h4 h5 6. g5 Bd6 7. Bd3 Ne7 8. Nf3 Bxf4
9. exf4 Nbc6 10. c3 O-O 11. Ne5 Nxe5 12. fxe5 b6 13. O-O Nf5 14. Bxf5 exf5 15.
Nd2 c5 16. Rc1 cxd4 17. cxd4 Qd7 18. f4 Qa4 19. Qxa4 {Black resigns} 1-0

[Event "Team 45 45 League T92"]
[Site "Internet Chess Club"]
[Date "2022.04.15"]
[Round "1"]
[White "zethhon"]
[Black "chesskix"]
[Result "1-0"]
[WhiteElo "1467"]
[BlackElo "1387"]
[Opening "Queen's pawn, Mason variation"]
[ECO "D00"]
[Time "21:27:04"]
[PlyCount "51"]
[TimeControl "2700+45"]

1. d4 d5 2. Bf4 Nf6 3. e3 c6 4. c4 Nbd7 5. Nc3 g6 6. Qc2 Bg7 7. cxd5 cxd5 8. Nb5
Qa5+ 9. Qc3 Qxc3+ 10. bxc3 O-O 11. Nc7 Rb8 12. c4 e6 13. Bd6 Ne4 14. Bxf8 Bxf8
15. a3 a6 16. cxd5 Bd6 17. dxe6 Bxc7 18. exd7 Bxd7 19. Bd3 Ba5+ 20. Kf1 Nd2+ 21.
Ke2 Rc8 22. Nf3 Bg4 23. h3 Nxf3 24. hxg4 Ng5 25. Rhc1 Bc7 26. d5 {Black resigns}
1-0

[Event "Team 45 45 League T92"]
[Site "Internet Chess Club"]
[Date "2022.04.17"]
[Round "1"]
[White "Sloggi"]
[Black "gera-carp75"]
[Result "1-0"]
[WhiteElo "1978"]
[BlackElo "1839"]
[Opening "Queen's Indian: old main line, 6.O-O"]
[ECO "E17"]
[Time "21:00:16"]
[PlyCount "85"]
[TimeControl "2700+45"]

1. d4 e6 2. Nf3 Nf6 3. g3 b6 4. Bg2 Bb7 5. O-O Be7 6. c4 Ne4 7. Nc3 Bf6 8. Qd3
Nxc3 9. bxc3 O-O 10. Ng5 Bxg5 11. Bxb7 Bxc1 12. Raxc1 Nc6 13. Bxa8 Qxa8 14. e4
Ne7 15. d5 d6 16. f4 Ng6 17. h4 Re8 18. Rce1 e5 19. f5 Nf8 20. f6 gxf6 21. Rxf6
Nd7 22. Rf5 f6 23. g4 Re7 24. Kh2 h6 25. Qe3 Rh7 26. Ref1 Qf8 27. Qf3 Qg7 28.
Rh5 Qg6 29. Rf5 Rg7 30. Kh3 Qh7 31. c5 Nxc5 32. Rxf6 Qxe4 33. Rxh6 Qd3 34. Qxd3
Nxd3 35. Kg3 Nf4 36. Rxf4 exf4+ 37. Kxf4 Rf7+ 38. Kg5 Rf3 39. Rg6+ Kh8 40. h5
Rxc3 41. Re6 Kg8 42. h6 Rc5 43. Kg6 {Black resigns} 1-0

[Event "Team 45 45 League T92"]
[Site "Internet Chess Club"]
[Date "2022.04.16"]
[Round "1"]
[White "Packerfan"]
[Black "fishhead"]
[Result "0-1"]
[WhiteElo "1765"]
[BlackElo "1777"]
[Opening "English opening"]
[ECO "A16"]
[Time "15:00:25"]
[PlyCount "90"]
[TimeControl "2700+45"]

1. c4 Nf6 2. Nc3 g6 3. g3 Bg7 4. Bg2 c5 5. d3 O-O 6. e4 Nc6 7. Nge2 d6 8. O-O
Nd4 9. Nxd4 cxd4 10. Ne2 Nd7 11. f4 a5 12. Rb1 Nc5 13. b3 f5 14. Bb2 e5 15. exf5
Bxf5 16. Nc1 h5 17. Ba3 Qd7 18. fxe5 Bxe5 19. Rb2 Rae8 20. Rbf2 b6 21. Qd2 Kh7
22. Re1 Bg7 23. Rxe8 Rxe8 24. Re2 Bh6 25. Qe1 Be3+ 26. Kh1 Nxd3 27. Nxd3 Bxd3
28. Bd5 Be4+ 29. Bxe4 Rxe4 30. Bc1 Qb7 31. Rg2 d5 32. cxd5 Qxd5 33. Bxe3 Rxe3
34. Qc1 Qe5 35. Qc6 d3 36. Rd2 Re1+ 37. Kg2 Re2+ 38. Rxe2 dxe2 39. Qd7+ Kg8 40.
Qd8+ Kf7 41. Qd7+ Kf6 42. Qd8+ Kf5 43. Qf8+ Ke4 44. Qf3+ Kd4 45. Kf2 e1=Q+
{White resigns} 0-1

[Event "Team 45 45 League T92"]
[Site "Internet Chess Club"]
[Date "2022.04.15"]
[Round "1"]
[White "liujf"]
[Black "RD1974"]
[Result "1/2-1/2"]
[WhiteElo "1570"]
[BlackElo "1611"]
[Opening "Queen's pawn: London system"]
[ECO "A45"]
[Time "18:11:39"]
[PlyCount "133"]
[TimeControl "2700+45"]

1. d4 Nf6 2. Bf4 e6 3. e3 b6 4. Qf3 Nc6 5. Nd2 Bb7 6. c3 Na5 7. Qd1 Be7 8. Ngf3
O-O 9. Bd3 d5 10. Ne5 c5 11. O-O c4 12. Bc2 b5 13. a3 Nc6 14. Qf3 Bd6 15. Qg3
Bxe5 16. dxe5 Nh5 17. Bxh7+ Kxh7 18. Qh3 g6 19. g4 Rh8 20. gxh5 Kg7 21. h6+ Kh7
22. Nf3 f6 23. exf6 Qxf6 24. Ng5+ Kg8 25. h7+ Kf8 26. Nxe6+ Kf7 27. Nc7 Rad8 28.
Nxb5 Bc8 29. Qg3 Rd7 30. Nd6+ Rxd6 31. Bxd6 Rxh7 32. Qf4 Bf5 33. Rad1 Rh4 34.
Qf3 Rg4+ 35. Bg3 Ne7 36. Rd4 Rg5 37. Qf4 Rg4 38. Qc7 Rxd4 39. exd4 Be4 40. Qe5
Qb6 41. f3 Bd3 42. Rf2 Bf5 43. Re2 Be6 44. Bh4 Ng8 45. Bd8 Qxd8 46. Qxe6+ Kg7
47. Rg2 Ne7 48. Re2 Nf5 49. Re5 Qg5+ 50. Kf2 Qh4+ 51. Kg1 Qg5+ 52. Kf1 Qh5 53.
Re2 Qxf3+ 54. Ke1 Qd3 55. Qd7+ Kh6 56. Qxa7 Nh4 57. Qc7 Qb1+ 58. Kf2 Qf5+ 59.
Ke1 Nf3+ 60. Kf2 Ne5+ 61. Kg1 Qg4+ 62. Kf2 Nd3+ 63. Ke3 Qg1+ 64. Kf3 Qf1+ 65.
Ke3 Qc1+ 66. Kf3 Qf1+ 67. Ke3 {Game drawn by mutual agreement} 1/2-1/2

[Event "Team 45 45 League T92"]
[Site "Internet Chess Club"]
[Date "2022.04.18"]
[Round "1"]
[White "tightfist"]
[Black "fvafier"]
[Result "1/2-1/2"]
[WhiteElo "1460"]
[BlackElo "1509"]
[Opening "Polish (Sokolsky) opening"]
[ECO "A00"]
[Time "19:00:37"]
[PlyCount "123"]
[TimeControl "2700+45"]

1. b4 e6 2. Bb2 Nf6 3. a3 d5 4. Nf3 Be7 5. e3 O-O 6. d4 c6 7. c4 Nbd7 8. Nbd2 b6
9. Bd3 c5 10. b5 cxd4 11. exd4 dxc4 12. Nxc4 Bb7 13. O-O Ne4 14. Nfe5 Rc8 15.
Rc1 Ndf6 16. f3 Nd6 17. Qd2 Nxc4 18. Rxc4 Rxc4 19. Bxc4 Bd5 20. Nc6 Qd7 21.
Nxe7+ Qxe7 22. Rc1 Rc8 23. Bd3 Qd7 24. Rxc8+ Qxc8 25. Qf4 Bb7 26. Qh4 h6 27. Qf4
Bd5 28. Qd6 Bb7 29. a4 Nd5 30. Bf1 Qc7 31. Qxc7 Nxc7 32. Kf2 Bd5 33. a5 bxa5 34.
Ba3 Na8 35. Ke3 Nb6 36. Kf4 Bc4 37. Bxc4 Nxc4 38. Bc5 Nb6 39. Ke4 f6 40. g4 g5
41. h3 Kf7 42. Bd6 a4 43. Kd3 Kg6 44. Bc5 h5 45. Ke4 Nc4 46. Kd3 Nb6 47. Kc2
hxg4 48. hxg4 f5 49. Kd3 Kf7 50. Kc2 Kg6 51. Kd3 Kg7 52. Kc2 Kf6 53. Kd3 e5 54.
gxf5 Kxf5 55. dxe5 Kxe5 56. Bd4+ Kf5 57. Ke2 Ke6 58. Kd3 Kf5 59. Bc5 Kf4 60. Ke2
Ke5 61. Kd3 Kf5 62. Ke2 {Game drawn by mutual agreement} 1/2-1/2

[Event "Team 45 45 League T92"]
[Site "Internet Chess Club"]
[Date "2022.04.16"]
[Round "1"]
[White "cyborg86"]
[Black "Sloggi"]
[Result "1/2-1/2"]
[WhiteElo "2294"]
[BlackElo "1967"]
[Opening "Caro-Kann: anti-anti-Caro-Kann defense"]
[ECO "B10"]
[Time "00:12:36"]
[PlyCount "65"]
[TimeControl "2700+45"]

1. e4 c6 2. c4 d5 3. cxd5 cxd5 4. exd5 Nf6 5. Nc3 Nxd5 6. Nf3 Nc6 7. Bb5 e6 8.
d4 Be7 9. O-O O-O 10. Qe2 Bd7 11. Rd1 Rc8 12. Be3 Re8 13. Rac1 a6 14. Bd3 Ncb4
15. Bb1 Nxe3 16. fxe3 Nd5 17. Ne5 Bg5 18. Nxd5 exd5 19. Rxc8 Bxc8 20. h4 Bh6 21.
Qf3 Be6 22. Qg3 Qb6 23. Nd3 Bf5 24. Ne5 Be6 25. Rd2 Qc7 26. Rc2 Qd8 27. Rc3 Qb6
28. Rb3 Qd8 29. Kh2 Qb8 30. Nf3 g6 31. Qxb8 Rxb8 32. Kg3 b5 33. Ng5 {Game drawn
by mutual agreement} 1/2-1/2

[Event "Team 45 45 League T92"]
[Site "Internet Chess Club"]
[Date "2022.04.18"]
[Round "1"]
[White "gera-carp75"]
[Black "timcent"]
[Result "1/2-1/2"]
[WhiteElo "1839"]
[BlackElo "1848"]
[Opening "Sicilian defense"]
[ECO "B30"]
[Time "21:00:14"]
[PlyCount "101"]
[TimeControl "2700+45"]

1. e4 c5 2. Nf3 Nc6 3. Bc4 e5 4. c3 Be7 5. d3 Nf6 6. Nbd2 O-O 7. Bb3 d6 8. h3
Be6 9. Bc2 d5 10. Qe2 d4 11. Nf1 Qd7 12. Ng3 Rfd8 13. Nh4 c4 14. Nhf5 dxc3 15.
dxc4 Nd4 16. Nxd4 Qxd4 17. b3 Qb6 18. O-O Bc5 19. Qf3 Bd4 20. Bg5 Bd7 21. Bxf6
Qxf6 22. Qxf6 gxf6 23. Nh5 Bc6 24. Nxf6+ Kh8 25. a4 Rd6 26. Nd5 Rg6 27. Ne7 Rg5
28. Rad1 Bc5 29. Nxc6 bxc6 30. Kh2 Rag8 31. g3 Bd4 32. Rd3 R5g7 33. Rf3 c5 34.
Rf6 Rd8 35. Kg2 Kg8 36. Kf3 Kf8 37. Rd1 Ke7 38. Ra6 Rd7 39. Rd3 Rg6 40. Rxg6
hxg6 41. Kg2 Rd8 42. Rf3 a5 43. g4 Rh8 44. Kg3 g5 45. Rd3 f6 46. Kg2 Ke6 47. Kg3
Ke7 48. Kg2 Ke6 49. Kg3 Ke7 50. Kg2 Ke6 51. Kg3 {Game drawn by repetition}
1/2-1/2

[Event "Team 45 45 League T92"]
[Site "Internet Chess Club"]
[Date "2022.04.16"]
[Round "1"]
[White "Alec-hine"]
[Black "cadmiumorange"]
[Result "1-0"]
[WhiteElo "1585"]
[BlackElo "1754"]
[Opening "Robatsch defense: two knights variation"]
[ECO "A40"]
[Time "14:00:37"]
[PlyCount "71"]
[TimeControl "2700+45"]

1. d4 g6 2. e4 Bg7 3. Nf3 d6 4. Nc3 a6 5. a4 Nc6 6. Be2 Bg4 7. Be3 e5 8. dxe5
dxe5 9. Nd2 Bxe2 10. Nxe2 Nge7 11. O-O O-O 12. Nb3 Qc8 13. c3 b6 14. a5 Qb7 15.
Qc2 f5 16. exf5 gxf5 17. f3 Nd5 18. Bf2 Bh6 19. Ng3 Ne3 20. Bxe3 Bxe3+ 21. Kh1
Ne7 22. Qe2 f4 23. Ne4 Nf5 24. g4 Nh4 25. Nbd2 b5 26. Rad1 Rad8 27. Nb3 Qc6 28.
Rxd8 Rxd8 29. Rd1 Re8 30. Na1 Ng6 31. Nc2 Bc5 32. Rd5 Be7 33. Qd3 Kf7 34. Rd7
Ke6 35. Ng5+ Bxg5 36. Qf5# {Black checkmated} 1-0

[Event "Team 45 45 League T92"]
[Site "Internet Chess Club"]
[Date "2022.04.19"]
[Round "1"]
[White "KidRattler"]
[Black "mnpaulson"]
[Result "1-0"]
[WhiteElo "1699"]
[BlackElo "1498"]
[Opening "Danish gambit: Sorensen defense"]
[ECO "C21"]
[Time "20:08:36"]
[PlyCount "71"]
[TimeControl "2700+45"]

1. e4 e5 2. d4 exd4 3. c3 d5 4. e5 dxc3 5. Nxc3 Bb4 6. Nf3 Ne7 7. Bd3 c6 8. Bd2
O-O 9. Qc2 h6 10. O-O Re8 11. Rae1 Be6 12. Nd4 Nd7 13. f4 Qb6 14. Be3 c5 15.
Nxe6 fxe6 16. Re2 d4 17. Na4 Qc6 18. Bc1 b5 19. a3 c4 20. Be4 Nd5 21. axb4 bxa4
22. Bxd5 exd5 23. Rd2 d3 24. Rxd3 Qb5 25. Ra3 Nb6 26. Be3 Qxb4 27. Rd1 Red8 28.
Bd4 Rf8 29. Rg3 Rxf4 30. Qg6 Qe7 31. e6 Rxd4 32. Rxd4 Rd8 33. Rh4 Rd7 34. Rxh6
Qc5+ 35. Kh1 Qf2 36. Qe8+ {Black resigns} 1-0

[Event "Team 45 45 League T92"]
[Site "Internet Chess Club"]
[Date "2022.04.17"]
[Round "1"]
[White "Dlugy"]
[Black "achessman"]
[Result "1-0"]
[WhiteElo "1988"]
[BlackElo "1816"]
[Opening "Queen's pawn, Mason variation, Steinitz counter-gambit"]
[ECO "D00"]
[Time "21:15:23"]
[PlyCount "83"]
[TimeControl "2700+45"]

1. d4 d5 2. Bf4 c5 3. Nc3 Nc6 4. e4 cxd4 5. exd5 dxc3 6. dxc6 Qxd1+ 7. Rxd1 bxc6
8. Bc7 Bb7 9. bxc3 Nf6 10. Rb1 Bc8 11. g3 e6 12. Ba5 Bd6 13. Bg2 Bd7 14. Nf3 Ke7
15. c4 Rab8 16. Rb3 c5 17. Bc3 Bc6 18. Ra3 Rb7 19. O-O Rd8 20. Ra6 Rc8 21. Rd1
g6 22. Ng5 Bxg2 23. Kxg2 Bb8 24. Bxf6+ Kxf6 25. Nxh7+ Ke7 26. Ng5 Rb4 27. Rd3
Rxc4 28. Rf3 Rf8 29. c3 e5 30. Raf6 Ra4 31. Rxf7+ Rxf7 32. Rxf7+ Ke8 33. Rg7 Bd6
34. Rxg6 Bf8 35. h4 Rxa2 36. h5 a5 37. h6 Bxh6 38. Rxh6 a4 39. Ne4 a3 40. Ra6 c4
41. Nd6+ Ke7 42. Nxc4 {Black resigns} 1-0

[Event "Team 45 45 League T92"]
[Site "Internet Chess Club"]
[Date "2022.04.15"]
[Round "1"]
[White "ElValero"]
[Black "BRJAK0530"]
[Result "1/2-1/2"]
[WhiteElo "1742"]
[BlackElo "1863"]
[Opening "QGD Slav: exchange variation"]
[ECO "D13"]
[Time "12:00:38"]
[PlyCount "72"]
[TimeControl "2700+45"]

1. Nf3 d5 2. d4 Nf6 3. c4 c6 4. cxd5 cxd5 5. Nc3 Nc6 6. Bf4 a6 7. e3 Bf5 8. Qb3
Na5 9. Qd1 Rc8 10. Bd3 Bxd3 11. Qxd3 e6 12. O-O Be7 13. h3 O-O 14. Be5 Nc4 15.
b3 Nxe5 16. Nxe5 Ba3 17. Rab1 Qc7 18. Ne2 Qc2 19. b4 Qxd3 20. Nxd3 Rc2 21. Rfe1
b6 22. Rb3 Rxa2 23. Nc3 Rd2 24. Nb1 Rxd3 25. Rxd3 Bxb4 26. Rc1 Rb8 27. f3 a5 28.
Rb3 Ne8 29. Rc6 Kf8 30. Na3 b5 31. Ra6 Bxa3 32. Rxa3 a4 33. Kf2 Ke7 34. Ra7+ Kf6
35. Ra6 Ke7 36. Ra7+ Kf6 {Game drawn by mutual agreement} 1/2-1/2

[Event "Team 45 45 League T92"]
[Site "Internet Chess Club"]
[Date "2022.04.17"]
[Round "1"]
[White "pmarcal"]
[Black "Portola"]
[Result "1-0"]
[WhiteElo "1708"]
[BlackElo "1646"]
[Opening "French: exchange variation"]
[ECO "C01"]
[Time "08:00:19"]
[PlyCount "57"]
[TimeControl "2700+45"]

1. e4 e6 2. d4 d5 3. exd5 exd5 4. Bf4 c6 5. Bd3 Nf6 6. Nf3 Bg4 7. Nbd2 Nbd7 8.
O-O Be7 9. c3 O-O 10. Qc2 h6 11. h3 Be6 12. Rae1 Re8 13. Re3 a6 14. Rfe1 c5 15.
Qb1 cxd4 16. Nxd4 Nf8 17. N2f3 Rc8 18. R1e2 Bc5 19. Qe1 Bxd4 20. Nxd4 Bd7 21.
Be5 Ne6 22. Nf5 Rc6 23. Rg3 Kh8 24. Qd2 Rf8 25. Nxg7 Ng5 26. Rxg5 hxg5 27. Qxg5
Nh7 28. Ne6+ f6 29. Qg7# {Black checkmated} 1-0

[Event "Team 45 45 League T92"]
[Site "Internet Chess Club"]
[Date "2022.04.18"]
[Round "1"]
[White "julesraider"]
[Black "rubwin"]
[Result "1-0"]
[WhiteElo "1611"]
[BlackElo "1285"]
[Opening "QGD semi-Slav: 5.e3"]
[ECO "D45"]
[Time "16:00:38"]
[PlyCount "73"]
[TimeControl "2700+45"]

1. d4 d5 2. c4 e6 3. Nf3 Nf6 4. Nc3 c6 5. e3 Be7 6. Be2 dxc4 7. Bxc4 O-O 8. O-O
Nbd7 9. a3 a5 10. Ba2 Re8 11. Qc2 Nf8 12. Ne5 Ng6 13. f4 Qc7 14. Bd2 b5 15. Nxb5
Qb6 16. Qxc6 Qxc6 17. Nxc6 Ba6 18. a4 Bxb5 19. axb5 a4 20. Bb1 Nd5 21. Bd3 Bd6
22. Bc2 a3 23. bxa3 Rxa3 24. Rxa3 Bxa3 25. Ra1 Bd6 26. Ra7 Nge7 27. Rd7 Nxc6 28.
Rxd6 Nb8 29. b6 Rc8 30. b7 Rf8 31. e4 Nf6 32. Kf2 h5 33. h3 Ne8 34. Rb6 Nc7 35.
Bb4 Rd8 36. Ke3 Nd7 37. Rd6 {Black resigns} 1-0

[Event "Team 45 45 League T92"]
[Site "Internet Chess Club"]
[Date "2022.04.16"]
[Round "1"]
[White "primerpaso"]
[Black "Timmah4651"]
[Result "1-0"]
[WhiteElo "1879"]
[BlackElo "1686"]
[Opening "English: Bremen, reverse dragon"]
[ECO "A22"]
[Time "06:01:23"]
[PlyCount "71"]
[TimeControl "2700+45"]

1. c4 Nf6 2. Nc3 e5 3. g3 d5 4. cxd5 Nxd5 5. Bg2 c6 6. Nf3 Bd6 7. d4 Nxc3 8.
bxc3 Nd7 9. O-O O-O 10. Qc2 exd4 11. cxd4 Nf6 12. Rd1 Bg4 13. Bb2 Re8 14. Rac1
Qa5 15. Ne5 Qxa2 16. Nxg4 Nxg4 17. d5 cxd5 18. Rxd5 Rac8 19. Qxc8 Rxc8 20. Rxc8+
Bf8 21. Rdd8 Qb1+ 22. Bf1 h6 23. Rxf8+ Kh7 24. Bd4 Qe4 25. Bxa7 Qe7 26. Bc5 Qd7
27. Rcd8 Qc7 28. Bd4 f6 29. Bh3 h5 30. f3 Qc1+ 31. Kg2 Ne3+ 32. Bxe3 Qxe3 33.
Bf5+ Kh6 34. Bd3 h4 35. Rh8+ Kg5 36. f4+ {Black resigns} 1-0

[Event "Team 45 45 League T92"]
[Site "Internet Chess Club"]
[Date "2022.04.17"]
[Round "1"]
[White "ElValero"]
[Black "marioseixas1992"]
[Result "1-0"]
[WhiteElo "1749"]
[BlackElo "1521"]
[Opening "King's Indian: 6.Be2"]
[ECO "E91"]
[Time "11:03:18"]
[PlyCount "35"]
[TimeControl "2700+45"]

1. Nf3 Nf6 2. c4 g6 3. d4 Bg7 4. Nc3 O-O 5. e4 d6 6. Be2 c5 7. O-O cxd4 8. Nxd4
Nc6 9. Be3 e5 10. Ndb5 Ne8 11. c5 f5 12. Nxd6 Nxd6 13. cxd6 f4 14. Bc5 b6 15.
Qd5+ Rf7 16. Bc4 Qf6 17. Qxc6 Bb7 18. Qxb7 {Black resigns} 1-0

[Event "Team 45 45 League T92"]
[Site "Internet Chess Club"]
[Date "2022.04.16"]
[Round "1"]
[White "WillC"]
[Black "kabindra"]
[Result "1-0"]
[WhiteElo "1552"]
[BlackElo "1696"]
[Opening "Queen's pawn game"]
[ECO "D02"]
[Time "14:00:37"]
[PlyCount "97"]
[TimeControl "2700+45"]

1. d4 d5 2. Nf3 Bf5 3. e3 e6 4. Bd3 Nf6 5. Bxf5 exf5 6. Qd3 Ne4 7. Bd2 Bd6 8. c4
c6 9. Nc3 Bc7 10. cxd5 cxd5 11. Qb5+ Nd7 12. Qxd5 Nxd2 13. Nxd2 g6 14. Nc4 O-O
15. O-O a6 16. Rac1 b5 17. Nd2 f4 18. e4 Qe7 19. e5 Nb6 20. Qe4 Rad8 21. Rfd1 b4
22. Ne2 Na4 23. Rc2 a5 24. Nxf4 Bb6 25. Nd5 Qe6 26. Nf6+ Kg7 27. d5 Qf5 28. Qxf5
gxf5 29. Kf1 Nc5 30. f4 Nd3 31. Nc4 Nf2 32. Rxf2 Bxf2 33. Kxf2 Rc8 34. b3 a4 35.
Rd2 axb3 36. axb3 Rfd8 37. Nd6 Rc3 38. Nxf5+ Kh8 39. Nd4 Kg7 40. g4 Kg6 41. h4
h5 42. f5+ Kg7 43. Nxh5+ Kh6 44. f6 Kg6 45. Nf4+ Kh7 46. g5 Re8 47. e6 fxe6 48.
dxe6 Rc7 49. g6+ {Black resigns} 1-0

[Event "Team 45 45 League T92"]
[Site "Internet Chess Club"]
[Date "2022.04.16"]
[Round "1"]
[White "jjmolina1"]
[Black "RD1974"]
[Result "1-0"]
[WhiteElo "1449"]
[BlackElo "1587"]
[Opening "Sicilian: Taimanov variation"]
[ECO "B45"]
[Time "10:02:23"]
[PlyCount "81"]
[TimeControl "2700+45"]

1. e4 c5 2. Nf3 e6 3. d4 cxd4 4. Nxd4 Nc6 5. Nc3 Bb4 6. a3 Be7 7. Bc4 a6 8. O-O
Qc7 9. Bb3 Nf6 10. Re1 O-O 11. Be3 Ne5 12. h3 Nc4 13. Bc1 b5 14. Qe2 Bb7 15. Rb1
h6 16. Ndxb5 axb5 17. Nxb5 Qc6 18. Qxc4 Qxc4 19. Bxc4 Bxe4 20. Re2 d5 21. Bb3
Rab8 22. a4 Rfc8 23. Be3 Bg6 24. f3 Nd7 25. Bf4 Rb6 26. Rc1 Bf6 27. Nd6 Rcc6 28.
a5 Rxb3 29. cxb3 Rxc1+ 30. Bxc1 Nc5 31. b4 Na4 32. b3 Nc3 33. Re1 Be7 34. a6 Bf6
35. Be3 d4 36. a7 dxe3 37. a8=Q+ Kh7 38. Ne4 Nxe4 39. fxe4 Bc3 40. Rxe3 Bd4 41.
Kf2 {Black resigns} 1-0

[Event "Team 45 45 League T92"]
[Site "Internet Chess Club"]
[Date "2022.04.13"]
[Round "1"]
[White "cobrabrava"]
[Black "isolani"]
[Result "1/2-1/2"]
[WhiteElo "1356"]
[BlackElo "1317"]
[Opening "Scandinavian (center counter) defense"]
[ECO "B01"]
[Time "19:00:51"]
[PlyCount "46"]
[TimeControl "2700+45"]

1. e4 d5 2. exd5 Qxd5 3. Nc3 Qd8 4. d4 Nf6 5. Nf3 Bf5 6. Bc4 e6 7. Qe2 Be7 8.
O-O O-O 9. Bg5 Nc6 10. Rad1 Nd5 11. Bxe7 Ncxe7 12. Nxd5 exd5 13. Bd3 Re8 14.
Bxf5 Nxf5 15. Qd2 Nd6 16. c3 f6 17. Qc1 Qd7 18. Nd2 Qf5 19. Rfe1 Qg6 20. Rxe8+
Rxe8 21. Re1 Ne4 22. Nxe4 Rxe4 23. Rxe4 Qxe4 {Game drawn by mutual agreement}
1/2-1/2

[Event "Team 45 45 League T92"]
[Site "Internet Chess Club"]
[Date "2022.04.19"]
[Round "1"]
[White "clarinetref"]
[Black "Chess4Him"]
[Result "0-1"]
[WhiteElo "1464"]
[BlackElo "1451"]
[Opening "Robatsch (modern) defense"]
[ECO "B06"]
[Time "20:05:44"]
[PlyCount "54"]
[TimeControl "2700+45"]

1. e4 g6 2. d4 Bg7 3. g3 d6 4. Bg2 Nd7 5. Ne2 c5 6. c3 cxd4 7. Nxd4 Ngf6 8. h3
O-O 9. O-O a6 10. a4 Qc7 11. Be3 Ne5 12. b3 Rb8 13. f4 Nc6 14. Qd2 e5 15. Nxc6
bxc6 16. b4 Nh5 17. g4 exf4 18. Bxf4 Nxf4 19. Qxf4 Be5 20. Qf3 c5 21. Nd2 cxb4
22. cxb4 Qb6+ 23. Kh1 Bxa1 24. Rxa1 Qd4 25. Nb3 Qxb4 26. Rb1 Be6 27. Nd2 Qxd2
{White resigns} 0-1

[Event "Team 45 45 League T92"]
[Site "Internet Chess Club"]
[Date "2022.04.16"]
[Round "1"]
[White "BrerRabbit"]
[Black "Electryon"]
[Result "0-1"]
[WhiteElo "1399"]
[BlackElo "1451"]
[Opening "Dutch: classical variation"]
[ECO "A96"]
[Time "19:03:10"]
[PlyCount "42"]
[TimeControl "2700+45"]

1. d4 e6 2. Nf3 f5 3. g3 Nf6 4. Bg2 Be7 5. O-O O-O 6. c4 d6 7. b3 a5 8. Bb2 a4
9. b4 Ne4 10. Nfd2 d5 11. c5 c6 12. a3 Nd7 13. Nf3 Bf6 14. Ne1 b6 15. Nd2 bxc5
16. bxc5 Qa5 17. Nd3 Qxd2 18. Qxd2 Nxd2 19. Rfd1 Nc4 20. Bc3 Rb8 21. Bb4 Bxd4
{White resigns} 0-1

[Event "Team 45 45 League T92"]
[Site "Internet Chess Club"]
[Date "2022.04.14"]
[Round "1"]
[White "DaveTheRook"]
[Black "Ostap-Bender"]
[Result "0-1"]
[WhiteElo "1385"]
[BlackElo "1268"]
[Opening "Réti: King's Indian attack (Barcza system)"]
[ECO "A07"]
[Time "14:05:40"]
[PlyCount "176"]
[TimeControl "2700+45"]

1. Nf3 d5 2. g3 Nf6 3. Bg2 e6 4. O-O c5 5. d3 Be7 6. Nbd2 O-O 7. c3 Nc6 8. a3 b6
9. Qc2 Bb7 10. e4 dxe4 11. dxe4 Qc7 12. Re1 e5 13. Nh4 g6 14. Nf1 Rfe8 15. h3
Rad8 16. Bh6 Bf8 17. Bxf8 Kxf8 18. Rad1 Rxd1 19. Rxd1 Rd8 20. Ne3 Rxd1+ 21. Qxd1
Qd7 22. Qxd7 Nxd7 23. Nd5 Na5 24. Bf1 c4 25. f3 Bxd5 26. exd5 Ke7 27. Ng2 Nf6
28. Ne3 Kd6 29. Nxc4+ Nxc4 30. Bxc4 Nxd5 31. Kf2 f5 32. Ba2 b5 33. Bb1 Kc5 34.
Ke2 Nb6 35. b3 Nd5 36. b4+ Kd6 37. Kd3 Nb6 38. Ba2 Nd5 39. c4 bxc4+ 40. Bxc4 h6
41. Bb5 g5 42. Be8 Nb6 43. Bg6 f4 44. g4 Nd5 45. Be4 Ne3 46. b5 Kc5 47. a4 Nc4
48. Kc3 Nb6 49. Bc2 Nd5+ 50. Kb3 Ne3 51. Be4 Nd1 52. Bc6 Nf2 53. Kc3 Nxh3 54.
Be8 Ng1 55. Bc6 Ne2+ 56. Kd3 Nd4 57. Be8 Nxf3 58. Ke4 Nh2 59. Bd7 Kd6 60. Bc8
Kc5 61. Bd7 Kb4 62. Kxe5 f3 63. Bc6 f2 64. Bg2 f1=Q 65. Bxf1 Nxf1 66. Kd5 Ne3+
67. Kc6 Kxa4 68. b6 axb6 69. Kxb6 Nxg4 70. Kc5 h5 71. Kd4 h4 72. Ke4 h3 73. Kf3
h2 74. Kg2 Kb4 75. Kh1 Kc4 76. Kg2 Kd3 77. Kh1 Ke4 78. Kg2 h1=Q+ 79. Kxh1 Kf3
80. Kg1 Kg3 81. Kh1 Nf2+ 82. Kg1 Ne4 83. Kh1 Kf2 84. Kh2 g4 85. Kh1 Kf1 86. Kh2
g3+ 87. Kh3 g2 88. Kh4 g1=Q {White resigns} 0-1

[Event "Team 45 45 League T92"]
[Site "Internet Chess Club"]
[Date "2022.04.16"]
[Round "1"]
[White "fhunfi"]
[Black "scostanzo212"]
[Result "1/2-1/2"]
[WhiteElo "1734"]
[BlackElo "1572"]
[Opening "Sicilian: closed, 2...Nc6"]
[ECO "B23"]
[Time "19:00:37"]
[PlyCount "63"]
[TimeControl "2700+45"]

1. e4 c5 2. Nc3 Nc6 3. Bb5 Nd4 4. Nf3 Nxb5 5. Nxb5 a6 6. Nc3 b5 7. d4 e6 8. O-O
Bb7 9. Re1 cxd4 10. Nxd4 Nf6 11. e5 Nd5 12. Nxd5 Bxd5 13. a4 b4 14. b3 d6 15.
exd6 Bxd6 16. Nf5 O-O 17. Nxd6 Qxd6 18. Bb2 Qf4 19. Qe2 Rfc8 20. Rac1 Rc6 21. g3
Qf3 22. Qxf3 Bxf3 23. c3 bxc3 24. Rxc3 Rxc3 25. Bxc3 Rc8 26. Re3 Bd5 27. b4 Bc4
28. f4 Rd8 29. Kf2 Kf8 30. Re4 Bd3 31. Rd4 Rxd4 32. Bxd4 {Game drawn by mutual
agreement} 1/2-1/2